 Dungeon Crawl Stone Soup version 0.28.0 (webtiles) character file.

Game seed: 743658657196043749

33 shoop the Scratcher (level 3, 17/17 HPs)
             Began as a Felid Cinder Acolyte on Feb 15, 2022.
             Was a High Priest of Ignis.
             Quit the game on level 3 of the Dungeon.
             The game lasted 00:04:40 (2770 turns).

shoop the Scratcher (Felid Cinder Acolyte)          Turns: 2770, Time: 00:04:41

Health: 17/17      AC:  1    Str: 12    XL:     3   Next: 12%
Magic:  5/5        EV: 17    Int: 15    God:    Ignis [*****.]
Gold:   59         SH:  0    Dex: 11    Spells: 2/4 levels left
                                        Lives:  0   Deaths: 1

rFire   + . .      SeeInvis +     - Unarmed
rCold   . . .      Faith    .   (shield unavailable)
rNeg    . . .      Spirit   .   (armour unavailable)
rPois   .          Reflect  .   (helmet unavailable)
rElec   .          Harm     .   (cloak unavailable)
rCorr   .          Rampage  .   (gloves unavailable)
Will    .....                   (boots unavailable)
Stlth   ++........              (no amulet)
HPRegen 0.05/turn               (no ring)
MPRegen 0.09/turn               (no ring)

@: quick
A: very small, claws 1, fangs 3, see invisible, speed 1, shaggy fur 1, stealthy
paws, no weapons or thrown items, no armour, multi-lived
a: Renounce Religion, Fiery Armour, Foxfire Swarm, Rising Flame


You were on level 3 of the Dungeon.
You worshipped Ignis.
Ignis was extremely pleased with you.
You visited 1 branch of the dungeon, and saw 4 of its levels.

You collected 59 gold pieces.

Inventory:

Wands
 g - a wand of mindburst (13)
 h - a wand of paralysis (6)
Scrolls
 a - a scroll of silence {unknown}
 d - a scroll of identify {unknown}
 e - a scroll of immolation {unknown}
 f - a scroll of fear {unknown}
Potions
 b - a potion of ambrosia {unknown}
 c - a potion of berserk rage {unknown}
 i - 2 potions of heal wounds {unknown}


   Skills:
 + Level 3.1 Fighting
 + Level 3.1 Dodging
 + Level 3.2 Stealth
 * Level 3.2 Unarmed Combat
 - Level 1.0 Spellcasting
 + Level 2.8 Fire Magic


You had 2 spell levels left.
You knew the following spells:

 Your Spells              Type           Power      Damage    Failure   Level
a - Scorch                Fire           18%        2d5       12%         2

Your spell library contained the following spells:

 Spells                   Type           Power      Damage    Failure   Level


Dungeon Overview and Level Annotations

Branches:
Dungeon (4/15)
 Temple: D:4-7

Altars:
Elyvilon
Hepliaklqana
Sif Muna
The Shining One

Shops:
D:3 *


Innate Abilities, Weirdness & Mutations

You have sharp claws.
You have razor-sharp teeth.
You have supernaturally acute eyesight. (SInv)
You cover ground quickly. (Speed+)
You are covered in fur. (AC +1)
Your paws help you pounce on unaware monsters.
You are incapable of wielding weapons or throwing items.
You cannot wear armour.
You gain extra lives every three experience levels.


Message History

Ouch! That really hurt!
* * * LOW HITPOINT WARNING * * *
You hear a shout!
You scratch the orc priest but do no damage.
The orc priest is severely wounded.
You hear a shout!
The orc priest looks braver for a moment.
You closely miss the orc priest.
The orc priest is severely wounded.
The orc priest is no longer more vulnerable to fire.
Casting: Scorch (safe; 12% risk of failure)
Confirm with . or Enter, or press ? or * to list all spells.
Flames lash the orc.
The orc is severely wounded.
The orc's fire resistance burns away.
The orc priest barely misses you.
Casting: Scorch (safe; 12% risk of failure)
Confirm with . or Enter, or press ? or * to list all spells.
Flames lash the orc.
The orc is burned terribly!
You kill the orc!
The orc priest mumbles some strange prayers to Beogh against you.
Pain shoots through your body!
* * * LOW HITPOINT WARNING * * *
You scratch the orc priest.
The orc priest is almost dead.
The orc priest mumbles some strange prayers to Beogh against you.
Pain shoots through your body!
* * * LOW HITPOINT WARNING * * *
You closely miss the orc priest.
The orc priest is almost dead.
The orc priest closely misses you.
You barely miss the orc priest.
The orc priest is severely wounded.
The orc priest calls down the wrath of Beogh upon you.
Beogh smites you!
Ouch! That really hurt!
You die...
You are now level 3!
You rejoin the land of the living...
Unknown command.
Are you sure you want to abandon this character and quit the game? (Confirm with "yes".)

####.#####...########
#..<..#[.....##...
##.##.........#.##
#.##.........#.#
#.###........#.#
#.###....#...#.#
#.[......#...#.#
#######...........#
#..@............#.#
#.#####......###### #
#......# #.>....#
#......# #......#
########


There were no monsters in sight!

Vanquished Creatures
  3 adders
  A worm (D:2)
  2 dart slugs (D:2)
  3 orcs
  3 endoplasms
  5 goblins
  6 hobgoblins
  3 kobolds
  2 quokkas
  6 bats
  3 frilled lizards
  2 rats
39 creatures vanquished.

Notes
Turn   | Place    | Note
-------+----------+-------------------------------------------
     0 | D:1      | shoop the Felid Cinder Acolyte began the quest for the Orb.
     0 | D:1      | Reached XP level 1. HP: 10/10 MP: 3/3
    27 | D:1      | Found a faded altar of an unknown god.
   668 | D:1      | Reached skill level 1 in Stealth
   676 | D:1      | Reached skill level 1 in Dodging
   786 | D:1      | Reached XP level 2. HP: 13/14 MP: 4/4
  1620 | D:2      | You fall into a shaft and drop 2 floors!
  1630 | D:3      | Found Inyppef's General Store.
  1777 | D:2      | Reached XP level 3. HP: 17/17 MP: 5/5
  1780 | D:2      | Learned a level 2 spell: Scorch
  2417 | D:3      | Found a hazy altar of Hepliaklqana.
  2417 | D:3      | Found a white marble altar of Elyvilon.
  2418 | D:3      | Found a shimmering blue altar of Sif Muna.
  2418 | D:3      | Found a glowing golden altar of the Shining One.
  2605 | D:3      | Reached XP level 4. HP: 21/21 MP: 1/6
  2769 | D:3      | Killed from afar by an orc priest
  2770 | D:3      | Reached XP level 3. HP: -10/17 MP: 1/5
  2770 | D:3      | Quit the game

Illustrated notes

Levels and vault maps discovered:
D:1:      dpeg_arrival_lava_altar, layout_loops_ring,
          hellmonk_ecumenical_altar_heavens_door, minmay_unequal
D:2:      layout_basic, feat_on_display
D:3:      layout_basic, grunt_temple_overflow_open, serial_shops,
          nicolae_shop_waterfront, kennysheep_generic_room_10
D:4:      layout_basic, chequers_serial_rivers_large_a, hangedman_decor_lopped

Skill      XL: |  1  2  3 |
---------------+----------+-----
Stealth        | 1 2 3 |  3.2
Dodging        | 1 2 3 |  3.1
Fighting       | |  3.1
Unarmed Combat | |  3.2
Spellcasting   | |  1.0
Fire Magic     | |  2.8

Action                   |  1- 3 |  4- 6 || total
-------------------------+-------+-------++-------
Melee: Unarmed           |    71 |    13 ||    84
       Bite              |     3 |       ||     3
 Cast: Scorch            |    12 |     3 ||    15
Invok: Fiery Armour      |     1 |       ||     1
 Stab: Sleeping          |     6 |       ||     6
Armor: Skin              |     4 |       ||     4
Dodge: Dodged            |    60 |     5 ||    65
